 Dungeon Crawl Stone Soup version 0.31-a0-196-g86fe4a5e66 (webtiles) character file.

Game seed: 14272348555984921429

1432 innerfire43 the Trooper (level 8, -2/59 (64) HPs)
             Began as a Demonspawn Monk on June 24, 2023.
             Was a Believer of Cheibriados.
             Slain by a killer bee (3 damage)
             ... on level 7 of the Dungeon.
             The game lasted 00:07:55 (6370 turns).

innerfire43 the Trooper (Demonspawn Monk)           Turns: 6370, Time: 00:07:55

HP:   -2/59 (64)    AC: 16    Str: 19    XL:     8   Next: 45%
MP:   8/8           EV:  8    Int: 15    God:    Cheibriados [**....]
Gold: 289           SH:  0    Dex: 21    Spells: 7/7 levels left

rFire   . . .        x - +0 mace of Disgust {vamp, Dex+2}
rCold   . . .        d - orb {light}
rNeg    . . .        C - +0 plate armour
rPois   +            E - +0 helmet
rElec   .            (no cloak)
rCorr   .            D - +0 pair of gloves
SInv    .            g - +0 pair of boots
Will    +....        (no amulet) Stlth
                     m - ring of poison resistance
HPRegen 0.29/turn    A - ring of willpower
MPRegen 0.11/turn

%: no passive effects
@: lethally poisoned (-2 -> -3), slowed, glowing, drained, very slow
A: slimy green scales 2, weakness stinger 1
a: Renounce Religion, Bend Time


You were on level 7 of the Dungeon.
You worshipped Cheibriados.
Cheibriados was pleased with you.
You visited 1 branch of the dungeon, and saw 7 of its levels.

You collected 289 gold pieces.

Inventory:

Hand Weapons
 a - a +0 hand axe
 l - a +0 quarterstaff of speed
 x - the +0 mace of Disgust (weapon) {vamp, Dex+2}
   (You found it on level 5 of the Dungeon)

   Dex:       It affects your dexterity (+2).
 y - a +2 spear of freezing
 B - a +2 flail of draining
Missiles
 c - a throwing net
Armour
 b - a +0 robe
 d - an orb of light (worn)
 g - a +0 pair of boots (worn)
 n - a +0 helmet
 C - a +0 plate armour (worn)
 D - a +0 pair of gloves (worn)
 E - a +0 helmet (worn)
Jewellery
 m - a ring of poison resistance (left hand)
 A - a ring of willpower (right hand)
Wands
 t - a wand of digging (9)
 F - a wand of flame (22)
Scrolls
 e - 2 scrolls of enchant weapon {unknown}
 h - 5 scrolls of identify {unknown}
 i - 2 scrolls of noise {unknown}
 j - 2 scrolls of enchant armour {unknown}
 k - 3 scrolls of teleportation {unknown}
 o - a scroll of acquirement {unknown}
 v - 2 scrolls of silence {unknown}
Potions
 f - 2 potions of curing {unknown}
 p - a potion of berserk rage {unknown}
 q - 2 potions of enlightenment {unknown}
 r - a potion of might
 s - 4 potions of degeneration {unknown}
 u - a potion of invisibility {unknown}
 w - 3 potions of haste {unknown}
 z - a potion of heal wounds {unknown}


   Skills:
 + Level 6.0 Fighting
 - Level 5.6(6.3) Axes
 * Level 4.3(5.7) Maces & Flails
 * Level 0.6 Armour
 - Level 5.4 Dodging


You had 7 spell levels left.
You didn't know any spells.
Your spell library contained the following spells:

 Spells                   Type           Power      Damage    Failure   Level
 Portal Projectile        Hex/Tloc       0%         N/A       100%        3
 Tukima's Dance           Hex            0%         N/A       100%        3
 Vhi's Electric Charge    Tloc/Air       0%         N/A       100%        3
 Passage of Golubria      Tloc           0%         N/A       100%        4
 Arcjolt                  Conj/Air       0%         1d10      100%        5
 Blade Hands              Tmut           0%         N/A       100%        5
 Yara's Violent Unravell  Hex/Tmut       0%         3d3       100%        5
 Maxwell's Capacitive Co  Air            0%         ∞         100%        8


Dungeon Overview and Level Annotations

Branches:
Dungeon (7/15)             Temple (0/1) D:5

Altars:
Cheibriados
Trog
Vehumet

Shops:
D:2 =   D:3 (*!=[

Annotations:
D:4 exclusion: statue


Innate Abilities, Weirdness & Mutations

You are mostly covered in slimy green scales. (AC +3)
You have a small tail.


Message History

You are poisoned.
The killer bee poisons you! The hornet stings you. The killer bee stings you.
The wight hits you with a +0 trident.
You feel drained.
The hornet stings you but does no damage.
The killer bee barely misses you. The wight barely misses you.
You hit the hornet but do no damage.
You feel sick. The killer bee stings you.
The hornet stings you but does no damage.
The killer bee barely misses you. The wight hits you with a +0 trident!
You hit the hornet.
You feel better.
You tail-slap the hornet.
The hornet is moderately wounded.
You feel sick.
The hornet stings you but does no damage.
The killer bee stings you but does no damage.
The hornet closely misses you.
The killer bee stings you but does no damage.
The wight hits you but does no damage.
You thump the hornet!
You feel better.
You tail-slap the hornet, but do no damage.
The hornet is heavily wounded.
You feel sick.
The killer bee stings you but does no damage.
The hornet barely misses you. The killer bee stings you.
The wight hits you with a +0 trident.
You feel drained.
The hornet stings you but does no damage.
You thump the hornet!
The hornet is severely wounded.
You feel sick.
The killer bee stings you but does no damage. x2
The hornet stings you but does no damage.
The wight hits you but does no damage. The killer bee barely misses you.
You hit the hornet but do no damage.
You tail-slap the hornet, but do no damage.
The hornet is severely wounded.
The hornet stings you!
* * * LOW HITPOINT WARNING * * *
You feel yourself slow down. The killer bee barely misses you.
The wight hits you but does no damage. The hornet stings you!
* * * LOW HITPOINT WARNING * * *
The killer bee stings you.
You die...

#..........#
#.#..........#
#.#+#+##.### #....
...........# #....
##.##.#.##.# #....
.###.##.#.##.### #....
..........##.))# #....
###.##z#.#.##.#.# #....
.......@.#....#.####....
#.##.#y#y#.##......'....
...#...##.######....
#..[...#.##.< #.......
...?..#.#....# #.......
..#........##.. ########
# #.#.##.# . .... ..


You could see a hornet, a killer bee and a wight.

Vanquished Creatures
  Eustachio (D:5)
  Edmund (D:6)
  A water moccasin (D:6)
  2 ice beasts (D:6)
  A phantom (D:5)
  A bullfrog (D:6)
  3 scorpions (D:5)
  A howler monkey (D:6)
  2 jellies (D:5)
  3 hounds
  An orc priest (D:5)
  A gnoll bouda (D:5)
  3 iguanas
  3 orc wizards
  3 gnolls (D:6)
  5 adders
  2 ufetubi
  2 worms
  4 dart slugs
  10 orcs
  7 endoplasms
  A giant cockroach (D:4)
  A goblin (D:1)
  4 hobgoblins
  8 jackals
  4 quokkas
  4 ball pythons
  5 bats
  A frilled lizard (D:1)
  2 kobolds
  4 rats
91 creatures vanquished.

Notes
Turn   | Place    | Note
-------+----------+-------------------------------------------
     0 | D:1      | innerfire43 the Demonspawn Monk began the quest for the
                  | Orb.
     0 | D:1      | Reached XP level 1. HP: 18/18 MP: 1/1
     1 | D:1      | Noticed an electric eel
   156 | D:1      | Gained mutation: You have a small tail. [demonic ancestry]
   156 | D:1      | Reached XP level 2. HP: 23/24 MP: 2/2
   162 | D:1      | HP: 1/24 [dart slug (1)]
   813 | D:2      | Found Qase's Jewellery Boutique.
   823 | D:2      | Gained mutation: You are partially covered in slimy green
                  | scales. (AC +2) [demonic ancestry]
   823 | D:2      | Reached XP level 3. HP: 22/29 MP: 3/3
  1638 | D:3      | Found Zyuppet's Distillery.
  1681 | D:3      | Found Zojeh's Jewellery Shoppe.
  2012 | D:3      | Found Darok's Antique Weapon Emporium.
  2066 | D:3      | Found Odiptiamn's General Store.
  2107 | D:3      | Reached XP level 4. HP: 26/36 MP: 4/4
  2217 | D:3      | Found a bloodstained altar of Trog.
  2273 | D:3      | Found Jemuaf Kycw's Armour Emporium.
  2617 | D:4      | Found a radiant altar of Vehumet.
  2617 | D:4      | Noticed a charred statue
  2745 | D:4      | Gained mutation: You are mostly covered in slimy green
                  | scales. (AC +3) [demonic ancestry]
  2745 | D:4      | Reached XP level 5. HP: 6/42 MP: 5/5
  3501 | D:5      | Entered Level 5 of the Dungeon
  3512 | D:5      | Noticed Eustachio
  3535 | D:5      | Reached skill level 4 in Fighting
  3548 | D:5      | Killed Eustachio
  3549 | D:5      | Reached XP level 6. HP: 6/49 MP: 6/6
  3781 | D:5      | Reached skill level 5 in Axes
  3981 | D:5      | Reached XP level 7. HP: 41/55 MP: 7/7
  4107 | D:5      | Identified the +0 mace of Disgust {vamp, Dex+2}
  4127 | D:5      | Found a staircase to the Ecumenical Temple.
  4256 | D:5      | Reached skill level 5 in Fighting
  4256 | D:5      | Reached skill level 1 in Maces & Flails
  4966 | D:6      | Found a snail-covered altar of Cheibriados.
  4994 | D:6      | Became a worshipper of Cheibriados the Contemplative
  4994 | D:6      | Reached * piety under Cheibriados
  4994 | D:6      | Reached ** piety under Cheibriados
  5097 | D:6      | Reached skill level 5 in Dodging
  5097 | D:6      | Reached XP level 8. HP: 61/63 MP: 8/8
  5331 | D:6      | Noticed Edmund
  5350 | D:6      | Killed Edmund
  5735 | D:6      | Reached skill level 6 in Fighting
  6361 | D:7      | Noticed a hornet
  6370 | D:7      | HP: 1/59 [hornet (9)]
  6370 | D:7      | Slain by a killer bee

Illustrated notes

Levels and vault maps discovered:
D:1:      arrival_aquarium_a, layout_basic
D:2:      layout_basic, serial_shops, nicolae_shop_gaudy_bauble
D:3:      layout_loops_cross, general_overflow_altar, serial_shops,
          nicolae_shop_peninsula, nicolae_shop_temple_entry_statues_fountains,
          nicolae_shop_hallway_plus, shop, nicolae_shop_window_shopping
D:4:      layout_loops_ring, vehumet_statue
D:5:      layout_rooms, minmay_temple_entry_glassed_door,
          hangedman_abyss_or_decor_passed, minmay_tree_intersection,
          minmay_crystal_water, uniq_eustachio
D:6:      layout_layer_cave, mainiacjoe_overflow_alcove_4,
          nicolae_ossuary_entry_plus, uniq_edmund
D:7:      layout_basic, minmay_diced_spiral

Skill      XL: |  1  2  3  4  5  6  7  8 |
---------------+-------------------------+-----
Axes           | 3 4 5 |  5.6
Dodging        | 3 4 5 |  5.4
Fighting       | 4 5 6 |  6.0
Maces & Flails | 3 4 |  4.3
Armour         | |  0.6

Action                     |  1- 3 |  4- 6 |  7- 9 || total
---------------------------+-------+-------+-------++-------
  Melee: Hand axe          |   117 |   117 |     9 ||   243
         Tailslap          |    14 |    21 |    36 ||    71
         Mace              |       |       |   148 ||   148
    Use: Potion            |     1 |     2 |       ||     3
         Scroll            |     1 |       |       ||     1
 Armour: Robe              |    27 |    49 |    47 ||   123
         Skin              |       |     5 |       ||     5
         Plate armour      |       |       |    29 ||    29
  Dodge: Dodged            |   113 |   113 |   132 ||   358

Table legend: (Time is in decaauts)
 A = Elapsed time spent in this place.
 B = Non-inter-level travel time spent in this place.
 C = Inter-level travel time spent in this place.
 D = Time resting spent in this place.
 E = Time spent auto-exploring this place.
 F = Levels seen in this place.
 G = Mean time per level.
                   A        B        C        D        E       F      G
               +--------+--------+--------+--------+--------+-----+--------+
         Total |   6897 |   6507 |    390 |      0 |   5596 |   7 |  985.3 |
       Dungeon |   6897 |   6507 |    390 |      0 |   5596 |   7 |  985.3 |
               +--------+--------+--------+--------+--------+-----+--------+

Top non-repeatable levels by time:
     D:6: 1992 daAuts
     D:5: 1240 daAuts
     D:4: 992 daAuts
     D:3: 879 daAuts
     D:2: 831 daAuts
     D:1: 818 daAuts
     D:7: 143 daAuts
